 Dungeon Crawl Stone Soup version 0.31.0-1-g2c135a0 (webtiles) character file.

Game seed: 13845095302940108495

4 jagoly the Trooper (level 1, 0/14 HPs)
             Began as a Gargoyle Monk on Feb 2, 2024.
             Slain by a gnoll
             ... wielding a +0 spear
              (6 damage)
             ... on level 2 of the Dungeon.
             The game lasted 00:00:44 (100 turns).

jagoly the Trooper (Gargoyle Monk)                   Turns: 100, Time: 00:00:45

Health: 0/14       AC:  4    Str: 14    XL:     1   Next: 60%
Magic:  1/1        EV: 12    Int: 10    God:
Gold:   9          SH:  0    Dex: 12    Spells: 0/0 levels left

rFire   . . .        a - +0 hand axe
rCold   . . .        d - orb {light}
rNeg    + . .        b - +0 robe
rPois   ∞            (no helmet)
rElec   +            (no cloak)
rCorr   .            (no gloves)
SInv    .            (no boots)
Will    .....        (no amulet)
Stlth   +            (no ring)
HPRegen 0.22/turn    (no ring)
MPRegen 0.07/turn

%: no passive effects
@: glowing
A: sickness immunity, AC +2, negative energy resistance 1, electricity
resistance, torment resistance 1, petrification resistance
a: no special abilities


You were on level 2 of the Dungeon.
You visited 1 branch of the dungeon, and saw 2 of its levels.

You collected 9 gold pieces.

Inventory:

Hand Weapons
 a - a +0 hand axe (weapon)
Missiles
 e - 5 stones (quivered)
Armour
 b - a +0 robe (worn)
 d - an orb of light (worn)
Potions
 c - a potion of ambrosia


   Skills:
 + Level 3.3 Fighting
 * Level 2.8 Axes
 + Level 0.2 Armour
 + Level 2.4 Dodging


You couldn't memorise any spells.
You didn't know any spells.
Your spell library was empty.

Dungeon Overview and Level Annotations

Branches:
Dungeon (2/15) Zot: 11896

Altars:


Innate Abilities, Weirdness & Mutations

You are immune to sickness and miasma.
Your stone body is resilient. (AC +2)
You are immune to poison.
You resist negative energy. (rN+)
You are resistant to electric shocks. (rElec)
You are resistant to unholy torment.
You are immune to petrification.


Message History

Welcome, jagoly the Gargoyle Monk.
The astounding Orb of Zot lies far below, as if waiting for you to find it.
Press ? for a list of commands and other information.
Found a staircase leading out of the dungeon.
Adjust (i)tems, (s)pells, or (a)bilities?
Huh?
Unknown command.
Unknown command.
You open the large door.
There is a large open door here.
You open the door.
There is an open door here.
You open the door. You open the door.
There is an open door here.
You open the door.
There is an open door here.
You open the door. You open the large door.
There is an open door here.
There is an open door here.
You open the door. You open the door.
Found 5 stones.
There is an open door here.
You see here 5 stones.
e - 5 stones As you open the door, it creaks loudly!
As you open the large door, it creaks loudly!
There is an open door here.
You open the door.
There is an open door here.
You open the door.
There is an open door here.
As you open the door, it creaks loudly!
Found 9 gold pieces.
There is an open door here.
You open the large door.
Found a stone staircase leading down.
There is a large open door here.
You open the door.
There is an open door here.
You open the large door.
There is a large open door here.
You enter the shallow water.
Moving in this stuff is going to be slow.
Why would you want to do that?
A hobgoblin comes into view.
The hobgoblin shouts!
A jackal comes into view.
The jackal barks!
You see here 9 gold pieces.
Found 13 gold pieces.
Found a stone staircase leading down.
A goblin comes into view. It is wielding a +0 club.
You see here 9 gold pieces.
You now have 9 gold pieces.
You slash the hobgoblin!
You kill the hobgoblin!
You closely miss the jackal. The jackal closely misses you.
The jackal barely misses you.
You hit the jackal.
The jackal is severely wounded.
The jackal bites you but does no damage.
The jackal pauses to sniff the ground.
The jackal barely misses you. The goblin closely misses you.
You barely miss the jackal.
The jackal is severely wounded.
The jackal closely misses you. The jackal barely misses you.
You hit the jackal.
You kill the jackal!
You hit the goblin.
You kill the goblin!
No target in view!
No target in view!
You see here a +0 club.
Found a robe.
There is a stone staircase leading down here.
You climb downwards.
The gnoll shouts! x3; The kobold shouts!
You hear a shout!
Found 2 stones.
There is a stone staircase leading up here.
The gnoll hits you with a +0 flail!
Ouch! That really hurt!
* * * LOW HITPOINT WARNING * * *
The kobold throws a stone.
The stone barely misses you.
The gnoll hits you from afar with a +0 spear of venom.
* * * LOW HITPOINT WARNING * * *
The gnoll hits you with a +0 spear.
You die...

# ##. +##
#...## ##...#
..♣...###^..♣..
#......g......#
#(...@....#
###.g..g###
##.♣.## .. ..
... .K. ....
.... ♣...#
#...♣ ..## ##..


You could see 3 gnolls and a kobold.

Vanquished Creatures
  A goblin (D:1)
  A hobgoblin (D:1)
  A jackal (D:1)
3 creatures vanquished.

Notes
Turn   | Place    | Note
-------+----------+-------------------------------------------
     0 | D:1      | jagoly the Gargoyle Monk began the quest for the Orb.
     0 | D:1      | Reached XP level 1. HP: 14/14 MP: 1/1
   100 | D:2      | Slain by a gnoll

Illustrated notes

Levels and vault maps discovered:
D:1:      dpeg_arrival_castle, layout_rooms, minmay_ruptured
D:2:      layout_basic, minivault_19, grunt_decor_arrowhead, grunt_ministairs_13

Action                     || total
---------------------------++-------
  Melee: Hand axe          ||     5
 Armour: Robe              ||     4
  Dodge: Dodged            ||     7
